 Dungeon Crawl Stone Soup version 0.31-a0-152-g6aa68a64a1 (webtiles) character file.

Game seed: 17125890566381426644

517 qw the Chopper (level 7, -2/43 HPs)
             Began as a Gargoyle Fighter on June 10, 2023.
             Slain by an ogre
             ... wielding a +0 giant club
              (19 damage)
             ... on level 5 of the Dungeon.
             The game lasted 00:01:56 (3721 turns).

qw the Chopper (Gargoyle Fighter)                   Turns: 3721, Time: 00:01:56

Health: -2/43      AC: 19    Str: 20 (22) XL:     7   Next: 20%
Magic:  7/7        EV:  8    Int:  7 (8)  God:
Gold:   381        SH:  4    Dex:  8 (9)  Spells: 6/6 levels left

rFire   . . .        Y - +3 war axe (flame)
rCold   . . .        c - +0 buckler
rNeg    + . .        g - +0 chain mail
rPois   inf          i - +1 helmet
rElec   +            (no cloak)
rCorr   .            b - +2 pair of gloves "Ruzeeppi" {rElec Regen+}
SInv    .            (no boots)
Will    .....        (no amulet) Stlth
                     (no ring)
HPRegen 1.07/turn    (no ring)
MPRegen 0.10/turn

%: no passive effects
@: no status effects
A: sickness immunity, AC +4, negative energy resistance 1, electricity
resistance, torment resistance 1, petrification resistance, evolution 1
a: no special abilities


You were on level 5 of the Dungeon.
You visited 1 branch of the dungeon, and saw 5 of its levels.

You collected 381 gold pieces.


Innate Abilities, Weirdness & Mutations

You are immune to sickness and miasma.
Your stone body is resilient. (AC +4)
You are immune to poison.
You resist negative energy. (rN+)
You are resistant to electric shocks. (rElec)
You are resistant to unholy torment.
You are immune to petrification.
You have hidden genetic potential.


   Skills:
 - Level 4.1 Fighting
 + Level 6.3 Axes
 - Level 3.2 Armour
 - Level 1.3 Dodging
 - Level 3.2 Shields


You had 6 spell levels left.
You didn't know any spells.
Your spell library was empty.

Inventory:

Hand Weapons
 Y - a +3 war axe of flaming (weapon)
Armour
 b - the +2 pair of gloves "Ruzeeppi" (worn) {rElec Regen+}
   (You found it on level 4 of the Dungeon)

   rElec:     It insulates you from electricity.
   Regen:     It increases your rate of health regeneration.
 c - a +0 buckler (worn)
 g - a +0 chain mail (worn)
 i - a +1 helmet (worn)
Scrolls
 f - a scroll of identify
Potions
 a - a potion of experience {unknown}
 d - 2 potions of might
 e - a potion of magic {unknown}
 h - 3 potions of curing
 j - a potion of enlightenment {unknown}
 o - a potion of mutation
 p - a potion of berserk rage {unknown}

Dungeon Overview and Level Annotations

Branches:
Dungeon (5/15)
 Temple: D:4-7

Altars:
Sif Muna
Yredelemnul

Shops:
D:3 (


Message History

You slash the hound! You burn the hound. You barely miss the iguana.
The hound stops to sniff the ground.
The hound bites you but does no damage. The hound barely misses you.
The iguana bites you.
You closely miss the hound.
The hound is almost dead.
You hit the ogre. You burn the ogre. You hit the iguana but do no damage.
The hound bites you but does no damage. The ogre hits you with a +0 giant club!
The iguana barely misses you. The hound bites you but does no damage.
You slash the hound! You burn the hound.
You kill the hound!
You hit the iguana. You burn the iguana. You hit the ogre. You burn the ogre.
The iguana barely misses you. The ogre hits you but does no damage.
You barely miss the ogre.
The ogre is heavily wounded.
You slash the iguana! You burn the iguana.
The iguana bites you but does no damage.
The ogre closely misses you. The iguana closely misses you.
You closely miss the iguana.
The iguana is almost dead.
You hit the ogre. You burn the ogre. You block the iguana's attack.
You block the ogre's attack.
You closely miss the iguana.
The iguana is almost dead.
You hit the ogre but do no damage. You block the iguana's attack.
You block the ogre's attack.
You hit the iguana. You burn the iguana.
You kill the iguana!
You hit the ogre. You burn the ogre. You hit the ogre. You burn the ogre.
The ogre is almost dead.
You block the ogre's attack.
You barely miss the ogre.
The ogre is almost dead.
The ogre hits you with a +0 giant club!!
Ouch! That really hurt!
You barely miss the ogre.
The ogre is almost dead.
The ogre hits you with a +0 giant club!!
You die...

## ####### ...
#<....### ....
###.....###
.....
###.....#.....#
###..@..[..#
###%O...##
........#
?....#....
.....## #..
.....## #
..###.. #.# ##.


You could see an ogre.

Vanquished Creatures
  An ogre (D:4)
  An orc priest (D:3)
  A hound (D:5)
  An iguana (D:5)
  Natasha (thrice) (D:2)
  An orc wizard (D:2)
  8 gnolls
  6 adders
  A worm (D:2)
  2 dart slugs
  18 orcs
  7 ball pythons
  An endoplasm (D:4)
  6 giant cockroaches
  4 goblins
  6 hobgoblins
  3 jackals (D:4)
  3 quokkas
  9 bats
  5 frilled lizards
  6 kobolds
  8 rats
101 creatures vanquished.

Notes
Turn   | Place    | Note
-------+----------+-------------------------------------------
     0 | D:1      | qw the Gargoyle Fighter began the quest for the Orb.
     0 | D:1      | Reached XP level 1. HP: 14/14 MP: 1/1
     0 | D:1      | 0 ||| qw: Version: 0.2-a-29-g767f381
     0 | D:1      | 0 ||| qw: Game counter: 3916
     0 | D:1      | 0 ||| qw: Always use a shield: true
     0 | D:1      | 0 ||| qw: God list: Okawaru
     0 | D:1      | 0 ||| qw: Allow faded altars: false
     0 | D:1      | 0 ||| qw: Do Orc after D:15 true
     0 | D:1      | 0 ||| qw: Do second Lair branch before Depths: true
     0 | D:1      | 0 ||| qw: Lair rune preference: random
     0 | D:1      | 0 ||| qw: Plans: Normal, Zot:1-4, Slime:5, God:TSO, Crypt,
                  | Tomb, Abyss, Pan, Hells, Win
     0 | D:1      | 0 ||| PLANNING D:1-11
    98 | D:1      | Reached skill level 2 in Axes
   214 | D:1      | Reached XP level 2. HP: 19/19 MP: 2/2
   328 | D:1      | 328 ||| DROPPING +0 whip.
   561 | D:1      | Reached skill level 3 in Axes
   782 | D:1      | 782 ||| READING scroll labelled ROFETO KENIE.
   783 | D:1      | 783 ||| READING scroll labelled RIR ROKOGGOGU.
   787 | D:1      | 787 ||| READING 2 scrolls labelled DUJEYKK YSMOGE.
   788 | D:1      | 788 ||| READING scroll labelled JYBOEWN COUSUG.
   789 | D:1      | 789 ||| READING scroll labelled VUYJATIO PUFUPE.
   790 | D:1      | 790 ||| READING 3 scrolls labelled CAXZIY BYVIE.
   791 | D:1      | 791 ||| READING 2 scrolls of enchant weapon.
   791 | D:1      | 791 ||| ENCHANTING +1 war axe.
   792 | D:1      | 792 ||| READING scroll of enchant weapon.
   792 | D:1      | 792 ||| ENCHANTING +2 war axe.
   805 | D:2      | Found a shimmering blue altar of Sif Muna.
   809 | D:2      | Reached XP level 3. HP: 23/23 MP: 3/3
   971 | D:2      | HP: 4/23 [gnoll/+0 halberd (9)]
   974 | D:2      | Reached XP level 4. HP: 2/28 MP: 4/4
   976 | D:2      | Reached skill level 4 in Axes
   976 | D:2      | HP: 2/28 [gnoll/+0 spear (1)]
  1219 | D:2      | Noticed Natasha
  1220 | D:2      | 1220 ||| Stepping ~*~*~tactically~*~*~ (hiding).
  1232 | D:2      | Killed Natasha
  1233 | D:2      | Reached XP level 5. HP: 20/32 MP: 5/5
  1371 | D:2      | Found a faded altar of an unknown god.
  1432 | D:2      | Reached skill level 5 in Axes
  1496 | D:2      | Noticed Natasha
  1502 | D:2      | Killed Natasha
  1506 | D:2      | 1506 ||| DROPPING +0 mace.
  1630 | D:2      | Noticed Natasha
  1639 | D:2      | Killed Natasha
  1827 | D:2      | 1827 ||| UPGRADING to +0 helmet.
  1832 | D:2      | 1832 ||| READING scroll of enchant armour.
  1832 | D:2      | 1832 ||| ENCHANTING +0 helmet.
  1833 | D:2      | 1833 ||| READING scroll labelled OLEONL IWIQ.
  1834 | D:2      | 1834 ||| READING scroll labelled XOARUUSYSO.
  1835 | D:2      | 1835 ||| READING scroll labelled INUNAHI HOSUL.
  1836 | D:2      | 1836 ||| DRINKING 3 glowing dark potions.
  1909 | D:3      | Reached XP level 6. HP: 38/38 MP: 6/6
  2048 | D:3      | 2048 ||| FLEEEEING.
  2049 | D:3      | 2049 ||| FLEEEEING.
  2060 | D:3      | 2060 ||| Stepping ~*~*~tactically~*~*~ (stealth).
  2067 | D:3      | Reached skill level 1 in Dodging
  2082 | D:3      | 2082 ||| Stepping ~*~*~tactically~*~*~ (stealth).
  2083 | D:3      | 2083 ||| Stepping ~*~*~tactically~*~*~ (stealth).
  2308 | D:3      | Found a basalt altar of Yredelemnul.
  2330 | D:3      | Found Oboytu's Weapon Shop.
  2337 | D:3      | 2337 ||| SHOPLISTING +9 flail "Urphiveem" {drain, Fly Str+5
                  | Dex+4} (872 gold, have 125).
  2366 | D:3      | 2366 ||| Stepping ~*~*~tactically~*~*~ (hiding).
  2368 | D:3      | 2368 ||| Stepping ~*~*~tactically~*~*~ (hiding).
  2369 | D:3      | 2369 ||| Stepping ~*~*~tactically~*~*~ (hiding).
  2371 | D:3      | 2371 ||| Stepping ~*~*~tactically~*~*~ (hiding).
  2372 | D:3      | 2372 ||| Stepping ~*~*~tactically~*~*~ (hiding).
  2752 | D:3      | 2752 ||| UPGRADING to +0 chain mail.
  2762 | D:3      | 2762 ||| DROPPING +0 scale mail.
  2763 | D:3      | 2763 ||| READING 2 scrolls labelled XEAFOT DESTE.
  2764 | D:3      | 2764 ||| READING 2 scrolls of identify.
  2764 | D:3      | 2764 ||| IDENTIFYING brown potion
  2765 | D:3      | 2765 ||| DROPPING potion of invisibility.
  2766 | D:3      | 2766 ||| DROPPING scroll of noise.
  2796 | D:4      | HP: 8/38 [orc/+0 trident (4)]
  2917 | D:4      | Identified the +2 pair of gloves "Ruzeeppi" {rElec Regen+}
  2989 | D:4      | 2989 ||| Stepping ~*~*~tactically~*~*~ (stealth).
  3008 | D:4      | Reached XP level 7. HP: 43/43 MP: 7/7
  3145 | D:4      | Paralysed by a kobold for 2 turns
  3149 | D:4      | Reached skill level 6 in Axes
  3226 | D:4      | 3226 ||| Stepping ~*~*~tactically~*~*~ (stealth).
  3233 | D:4      | 3233 ||| Stepping ~*~*~tactically~*~*~ (hiding).
  3235 | D:4      | 3235 ||| Stepping ~*~*~tactically~*~*~ (hiding).
  3236 | D:4      | 3236 ||| Stepping ~*~*~tactically~*~*~ (hiding).
  3237 | D:4      | 3237 ||| Stepping ~*~*~tactically~*~*~ (hiding).
  3238 | D:4      | 3238 ||| Stepping ~*~*~tactically~*~*~ (hiding).
  3567 | D:4      | 3567 ||| Stepping ~*~*~tactically~*~*~ (hiding).
  3665 | D:4      | 3665 ||| UPGRADING to +2 pair of gloves "Ruzeeppi" {rElec
                  | Regen+}.
  3670 | D:4      | 3670 ||| READING scroll labelled REJUG VEGRAU.
  3671 | D:4      | 3671 ||| DROPPING +0 flail.
  3672 | D:4      | 3672 ||| DRINKING 3 puce potions.
  3673 | D:4      | 3673 ||| DRINKING 2 glowing puce potions.
  3673 | D:4      | Gained mutation: You have hidden genetic potential. [potion
                  | of mutation]
  3674 | D:4      | 3674 ||| DROPPING 2 potions of degeneration.
  3698 | D:5      | Entered Level 5 of the Dungeon
  3721 | D:5      | Slain by an ogre

Levels and vault maps discovered:
D:1:      giann_forest_graveyard, layout_basic
D:2:      layout_basic, basic_altar, shapermc_ecumenical_altar_gd, uniq_natasha
D:3:      layout_basic, nicolae_overflow_crystal_walls, serial_shops,
          nicolae_shop_bloodbath_and_beyond
D:4:      layout_cave_pools, minmay_gold_behind_fungi, minivault_27,
          eino_curves_01, minmay_ruptured
D:5:      layout_loops_ring, minmay_temple_entry_waves, minmay_crossroads

Skill      XL: |  1  2  3  4  5  6  7 |
---------------+----------------------+-----
Axes           | 2 3 4 5 6 |  6.3
Fighting       | 4 |  4.1
Dodging        | 1 |  1.3
Armour         | |  3.2
Shields        | |  3.2

Action                     |  1- 3 |  4- 6 |  7- 9 || total
---------------------------+-------+-------+-------++-------
  Melee: War axe           |    78 |   118 |    56 ||   252
    Use: Scroll            |     8 |     6 |     1 ||    15
         Potion            |       |     1 |     2 ||     3
 Armour: Scale mail        |    25 |    40 |       ||    65
         Chain mail        |       |    16 |    42 ||    58
  Dodge: Dodged            |    34 |    54 |    30 ||   118
  Block: Buckler           |    13 |    26 |    17 ||    56

Table legend:
 A = Non-vault XP
 B = Vault XP
 C = Vault XP percentage of total XP
 D = Non-vault monster count
 E = Vault monster count
 F = Vault count percentage of total count
                 A         B        C        D         E       F
            +---------+---------+-------+---------+---------+-------
      Total |     606 |     133 |  18.0 |      95 |       6 |   5.9
            +---------+---------+-------+---------+---------+-------
        D:1 |      33 |       0 |   0.0 |      22 |       0 |   0.0
        D:2 |     239 |      36 |  13.1 |      33 |       1 |   2.9
        D:3 |     145 |       0 |   0.0 |      16 |       0 |   0.0
        D:4 |     189 |      18 |   8.7 |      24 |       3 |  11.1
        D:5 |       0 |      79 | 100.0 |       0 |       2 | 100.0
            +---------+---------+-------+---------+---------+-------
